 Dungeon Crawl Stone Soup version 0.29-a0-359-g541a27f54d (console) character file.

Game seed: 10020543115001146982

477188 Ignak the Sage (level 24, -3/192 HPs)
             Began as a Gnoll Hedge Wizard on Apr 27, 2022.
             Was a High Priest of Sif Muna.
             Slain by a vampire knight
             ... wielding a +0 bardiche
              (17 damage)
             ... on level 2 of the Depths.
             The game lasted 04:56:39 (63010 turns).

Ignak the Sage (Gnoll Hedge Wizard)                Turns: 63010, Time: 04:56:40

Health: -3/192     AC: 22    Str: 11    XL:     24   Next: 46%
Magic:  15/44      EV: 19    Int: 28    God:    Sif Muna [*****.]
Gold:   6804       SH: 11    Dex: 14    Spells: 0/58 levels left

rFire   + + .      SeeInvis .   a - +8 dagger {venom, rPois Will+ Int+3}
rCold   + + .      Faith    .   z - +3 warlock's mirror {reflect}
rNeg    + + +      Spirit   .   U - +4 troll leather armour
rPois   +          Reflect  +   A - -2 hat of the Alchemist {rElec rPois rF+ rC+ rN+ Will+ rMut rCorr}
rElec   +          Harm     .   D - +0 cloak of the Hungering Gods {Regen+ Str+4 Dex+2}
rCorr   +          Rampage  .   c - +0 pair of gloves of Ovappuuk {rElec rN++ Str-3}
rMut    +          Clarity  +   S - +2 pair of boots {Stlth+}
Will    ++++.                   r - amulet of Enets {Acrobat rCorr Int+2}
Stlth   ++++++++..              H - ring "Zetas" {Will+ AC+4 Stlth+}
HPRegen 2.02/turn               P - ring of wizardry
MPRegen 0.29/turn

@: resistant, very slightly contaminated, invisible
A: fangs 1, strong nose, distributed training, iridescent scales 1, clarity,
clumsy 1
}: 3/15 runes: barnacled, silver, gossamer
a: Renounce Religion, Channel Magic, Forget Spell, Divine Exegesis


You were on level 2 of the Depths.
You worshipped Sif Muna.
Sif Muna was extremely pleased with you.
You visited 9 branches of the dungeon, and saw 43 of its levels.
You also visited: Trove and Ice Cave.

You collected 8869 gold pieces.
You spent 2065 gold pieces at shops.

Inventory:

Hand Weapons
 a - the +8 dagger of the Warrior (weapon) {venom, rPois Will+ Int+3}
   (You found it on level 5 of the Vaults)

   It poisons the flesh of those it strikes.
   Int:       It affects your intelligence (+3).
   rPois:     It protects you from poison.
   Will:      It increases your willpower.
Armour
 c - the +0 pair of gloves of Ovappuuk (worn) {rElec rN++ Str-3}
   (You found it in a treasure trove)

   Str:       It affects your strength (-3).
   rElec:     It insulates you from electricity.
   rN:        It greatly protects you from negative energy.
 z - the +3 warlock's mirror (worn) {reflect}
   (You found it in a treasure trove)

   It can block and reflect piercing ranged attacks and magical attacks against
   the wielder's willpower.
 A - the -2 hat of the Alchemist (worn) {rElec rPois rF+ rC+ rN+ Will+ rMut rCorr}
   (You found it in a treasure trove)

   rF:        It protects you from fire.
   rC:        It protects you from cold.
   rElec:     It insulates you from electricity.
   rPois:     It protects you from poison.
   rN:        It protects you from negative energy.
   rCorr:     It protects you from acid and corrosion.
   rMut:      It protects you from mutation.
   Will:      It increases your willpower.
 D - the +0 cloak of the Hungering Gods (worn) {Regen+ Str+4 Dex+2}
   (You bought it in a shop on level 2 of the Orcish Mines)

   Str:       It affects your strength (+4).
   Dex:       It affects your dexterity (+2).
   Regen:     It increases your rate of health regeneration.
 R - the +0 helmet "Pisud" {rCorr Str+2 SInv}
   (You bought it in a shop on level 2 of the Shoals)

   Str:       It affects your strength (+2).
   SInv:      It lets you see invisible.
   rCorr:     It protects you from acid and corrosion.
 S - a +2 pair of boots of stealth (worn)
 U - a +4 troll leather armour (worn)
 X - a +2 pair of gloves of strength
Jewellery
 i - the ring of Eqeoss {Fire Contam rN++ rCorr Dex+4}
   (You found it on level 3 of the Elven Halls)

   [ring of fire]

   It enhances your fire magic.
   Dex:       It affects your dexterity (+4).
   rF:        It protects you from fire.
   rC:        It makes you vulnerable to cold.
   rN:        It greatly protects you from negative energy.
   Contam:    It causes magical contamination when unequipped.
   rCorr:     It protects you from acid and corrosion.
 j - the ring of the Tortoise {AC+8}
   (You took it off a yaktaur captain on level 5 of the Vaults)

   [ring of protection]

   AC:        It affects your AC (+8).
 n - a ring of ice
 r - the amulet of Enets (around neck) {Acrobat rCorr Int+2}
   (You found it on level 5 of the Vaults)

   [amulet of the acrobat]

   It increases your evasion while moving and waiting.
   Int:       It affects your intelligence (+2).
   rCorr:     It protects you from acid and corrosion.
 H - the ring "Zetas" (left hand) {Will+ AC+4 Stlth+}
   (You found it on level 9 of the Dungeon)

   [ring of protection]

   AC:        It affects your AC (+4).
   Will:      It increases your willpower.
   Stlth:     It makes you more stealthy.
 J - a ring of see invisible
 P - a ring of wizardry (right hand)
 W - the ring of Ururuewk {Fly rPois MP+9 Int-3}
   (You found it on level 12 of the Dungeon)

   [ring of flight]

   Int:       It affects your intelligence (-3).
   rPois:     It protects you from poison.
   MP:        It affects your magic capacity (+9).
   Fly:       It grants you flight.
 Y - the ring "Unacyus" {rElec rPois rF+ Will+ Str-3}
   (You found it on level 3 of the Elven Halls)

   [ring of poison resistance]

   Str:       It affects your strength (-3).
   rF:        It protects you from fire.
   rElec:     It insulates you from electricity.
   rPois:     It protects you from poison.
   Will:      It increases your willpower.
Wands
 d - a wand of flame (7)
 m - a wand of paralysis (17)
 w - a wand of acid (35)
 y - a wand of iceblast (53)
 L - a wand of digging (12)
 M - a wand of polymorph (29)
 O - a wand of mindburst (5)
Scrolls
 f - 3 scrolls of fear
 g - 18 scrolls of teleportation
 l - a scroll of holy word
 o - 5 scrolls of enchant armour
 v - 10 scrolls of blinking
 x - a scroll of silence
 B - a scroll of enchant weapon
 F - 10 scrolls of fog
 I - 3 scrolls of magic mapping
Potions
 e - 3 potions of brilliance
 k - 11 potions of haste
 p - 10 potions of mutation
 u - 12 potions of curing
 C - 8 potions of berserk rage
 E - 2 potions of resistance
 G - 6 potions of cancellation
 N - 5 potions of invisibility
 Q - 6 potions of lignification
 T - 3 potions of magic
 V - 9 potions of ambrosia
 Z - 5 potions of might
Miscellaneous
 h - a box of beasts
 q - a phial of floods
 t - a condenser vane
 K - a phantom mirror


   Skills:
 + Level 16.3 Fighting
 + Level 16.3 Short Blades
 + Level 16.3 Long Blades
 + Level 16.3 Axes
 + Level 16.3 Maces & Flails
 + Level 16.3 Polearms
 + Level 16.3 Staves
 + Level 16.3 Slings
 + Level 16.3 Bows
 + Level 16.3 Crossbows
 + Level 16.3 Throwing
 + Level 16.3 Armour
 + Level 16.9 Dodging
 + Level 16.8 Stealth
 + Level 16.3 Shields
 + Level 16.3 Unarmed Combat
 + Level 17.7 Spellcasting
 + Level 14.1 Conjurations
 + Level 13.9 Hexes
 + Level 14.1 Summonings
 + Level 13.9 Necromancy
 + Level 14.1 Translocations
 + Level 13.9 Transmutations
 + Level 13.9 Fire Magic
 + Level 13.9 Ice Magic
 + Level 13.9 Air Magic
 + Level 13.9 Earth Magic
 + Level 13.9 Poison Magic
 + Level 17.7 Invocations
 + Level 16.3 Evocations


You couldn't memorise any spells.
You knew the following spells:

 Your Spells              Type           Power      Damage    Failure   Level
a - Maxwell's Capacitive  Air            40%        ∞         21%         8
b - Blink                 Tloc           100%       N/A       0%          2
c - Frozen Ramparts       Ice            100%       1d12      1%          3
d - Ignition              Fire           40%        3d12      21%         8
e - Summon Cactus Giant   Summ           40%        N/A       1%          6
f - Freezing Cloud        Conj/Ice/Air   40%        6-21      1%          5
g - Sublimation of Blood  Necr           80%        N/A       0%          2
q - Olgreb's Toxic Radia  Pois           80%        N/A       1%          4
r - Haunt                 Necr/Summ      40%        N/A       2%          7
s - Ensorcelled Hibernat  Hex/Ice        100%       N/A       0%          2
t - Passwall              Tmut/Erth      66%        N/A       0%          2
x - Death Channel         Necr           40%        N/A       1%          6
z - Ozocubu's Armour      Ice            80%        N/A       1%          3

Your spell library contained the following spells:

 Spells                   Type           Power      Damage    Failure   Level
 Animate Skeleton         Necr           100%       N/A       0%          1
 Apportation              Tloc           100%       N/A       0%          1
 Beastly Appendage        Tmut           100%       N/A       0%          1
 Foxfire                  Conj/Fire      100%       2x1d9     0%          1
 Freeze                   Ice            100%       1d11      0%          1
 Magic Dart               Conj           100%       1d8       0%          1
 Pain                     Necr           100%       1d9       0%          1
 Sandblast                Erth           100%       2d20      0%          1
 Shock                    Conj/Air       100%       1d9       0%          1
 Slow                     Hex            100%       N/A       0%          1
 Sting                    Tmut/Pois      100%       1d8       0%          1
 Summon Small Mammal      Summ           100%       N/A       0%          1
 Call Imp                 Summ           81%        N/A       0%          2
 Corpse Rot               Necr/Air       100%       N/A       0%          2
 Poisonous Vapours        Pois/Air       100%       N/A       0%          2
 Scorch                   Fire           100%       2d10      0%          2
 Searing Ray              Conj           100%       2d8       0%          2
 Static Discharge         Conj/Air       80%        N/A       0%          2
 Call Canine Familiar     Summ           81%        N/A       0%          3
 Conjure Flame            Conj/Fire      80%        6-21      0%          3
 Dazzling Flash           Conj/Hex       100%       N/A       0%          3
 Gell's Gravitas          Tloc           81%        N/A       0%          3
 Lesser Beckoning         Tloc           81%        N/A       0%          3
 Mephitic Cloud           Conj/Pois/Air  80%        N/A       0%          3
 Portal Projectile        Hex/Tloc       100%       N/A       0%          3
 Stone Arrow              Conj/Erth      100%       3d13      0%          3
 Summon Guardian Golem    Hex/Summ       80%        N/A       0%          3
 Teleport Other           Tloc           81%        N/A       0%          3
 Confusing Touch          Hex            80%        N/A       1%          3
 Ignite Poison            Fire/Tmut/Pois 80%        N/A       1%          3
 Inner Flame              Hex/Fire       80%        N/A       1%          3
 Spider Form              Tmut/Pois      80%        N/A       1%          3
 Swiftness                Air            80%        N/A       1%          3
 Tukima's Dance           Hex            80%        N/A       1%          3
 Vampiric Draining        Necr           80%        2d11      1%          3
 Airstrike                Air            40%        N/A       1%          4
 Animate Armour           Summ/Erth      100%       N/A       1%          4
 Animate Dead             Necr           40%        N/A       1%          4
 Dispel Undead            Necr           80%        3d26      1%          4
 Flame Wave               Conj/Fire      80%        2d14      1%          4
 Fulminant Prism          Conj/Hex       40%        3d20      1%          4
 Hailstorm                Conj/Ice       80%        3d16      1%          4
 Ice Form                 Ice/Tmut       80%        N/A       1%          4
 Iskenderun's Mystic Bla  Conj/Tloc      81%        2d16      1%          4
 Leda's Liquefaction      Hex/Erth       40%        N/A       1%          4
 Passage of Golubria      Tloc           81%        N/A       1%          4
 Petrify                  Tmut/Erth      80%        N/A       1%          4
 Sticky Flame             Conj/Fire      80%        2d9       1%          4
 Summon Lightning Spire   Summ/Air       80%        N/A       1%          4
 Agony                    Necr           80%        N/A       1%          5
 Alistair's Intoxication  Tmut/Pois      53%        N/A       1%          5
 Borgnjor's Vile Clutch   Necr/Erth      40%        N/A       1%          5
 Excruciating Wounds      Necr           40%        N/A       1%          5
 Fireball                 Conj/Fire      40%        3d16      1%          5
 Irradiate                Conj/Tmut      40%        3d26      1%          5
 Iskenderun's Battlesphe  Conj           81%        2d13      1%          5
 Lee's Rapid Deconstruct  Erth           40%        3d21*     1%          5
 Lightning Bolt           Conj/Air       40%        1d59      1%          5
 Manifold Assault         Tloc           81%        N/A       1%          5
 Metabolic Englaciation   Hex/Ice        40%        N/A       1%          5
 Silence                  Hex/Air        40%        N/A       1%          5
 Summon Forest            Summ/Tloc      40%        N/A       1%          5
 Summon Mana Viper        Hex/Summ       80%        N/A       1%          5
 Yara's Violent Unravell  Hex/Tmut       40%        3d16      1%          5
 Conjure Ball Lightning   Conj/Air       40%        3x3d13    1%          6
 Eringya's Noxious Bog    Tmut/Pois      40%        N/A       1%          6
 Iron Shot                Conj/Erth      40%        9d8       1%          6
 Simulacrum               Ice/Necr       40%        N/A       1%          6
 Starburst                Conj/Fire      40%        6d11      1%          6
 Statue Form              Tmut/Erth      53%        N/A       1%          6
 Enfeeble                 Hex            40%        N/A       2%          7
 Malign Gateway           Summ/Tloc      40%        N/A       2%          7
 Monstrous Menagerie      Summ           40%        N/A       2%          7
 Orb of Destruction       Conj           40%        9d11      2%          7
 Ozocubu's Refrigeration  Ice            40%        4d13      2%          7
 Spellforged Servitor     Conj/Summ      40%        N/A       2%          7
 Storm Form               Tmut/Air       40%        N/A       2%          7
 Summon Hydra             Summ           40%        N/A       2%          7
 Borgnjor's Revivificati  Necr           40%        N/A       21%         8
 Discord                  Hex            40%        N/A       21%         8
 Disjunction              Tloc           40%        N/A       21%         8
 Infestation              Necr           40%        N/A       21%         8
 Lehudib's Crystal Spear  Conj/Erth      40%        10d10     21%         8
 Necromutation            Tmut/Necr      40%        N/A       21%         8
 Fire Storm               Conj/Fire      40%        8d10      95%         9
 Death's Door             Necr           40%        N/A       96%         9
 Shatter                  Erth           40%        3d31*     96%         9


Dungeon Overview and Level Annotations

Branches:
Dungeon (15/15)            Temple (1/1) D:5            Lair (6/6) D:11
 Shoals (4/4) Lair:3       Spider (4/4) Lair:2        Slime (0/5) Lair:6
    Orc (2/2) D:10            Elf (3/3) Orc:2        Vaults (5/5) D:14
  Crypt (0/3) Vaults:3     Depths (3/4) D:15          IceCv (visited)

Altars:
Dithmenos
Kikubaaqudgha
Makhleb
Okawaru
Sif Muna
Vehumet
Xom
Yredelemnul
Beogh
Jiyva

Shops:
D:10 [   Orc:2 *!=***   Elf:1 *   Elf:2 *   Shoals:2 [

Portals:
Hell: Depths:1 Depths:2 Depths:3
Abyss: Elf:3 Depths:3
Pandemonium: Depths:2

Annotations:
Elf:3 1 transporter, Morbidden's ghost, adept DsCj
Depths:1 exclusion: obsidian statue


Innate Abilities, Weirdness & Mutations

You have very sharp teeth.
Your uncanny sense of smell can sniff out nearby items.
Your experience applies equally to all skills.
You are partially covered in iridescent scales. (AC +2)
You possess an exceptional clarity of mind.
You are clumsy. (Dex -2)


Message History

The quicksilver dragon roars deafeningly!
You hear a deafening roar!
The spriggan berserker shouts!
You hear a shout!
The tengu reaver shouts!
The fire dragon roars deafeningly!
You hear a deafening roar!
Found five items.
Found two escape hatches in the floor.
Found a stone staircase leading down.
There is a stone staircase leading down here.
You fade into invisibility!
The frost giant shouts!
You hear a deafening roar!
You hear a horrible gurgling sound! x2; You hear a shout! x2
You block the spark wasp zombie's attack.
The spriggan berserker hits you with a +2 antimagic war axe.
* * * LOW HITPOINT WARNING * * *
You feel your power leaking away.
The necromancer gestures at you while chanting.
Your +3 warlock's mirror {reflect} reflects the Agony Range!
The necromancer resists with some effort.
The stone giant hits you but does no damage.
The vampire knight misses you.
The deep troll earth mage points at the sphinx skeleton and mumbles some strange words.
The sphinx skeleton shatters!!
The blast of bone shards hits the deep troll earth mage.
The blast of bone shards hits something!
The blast of bone shards hits the vampire knight but does no damage.
The blast of bone shards hits the necromancer!!
The spark wasp zombie hits you.
* * * LOW HITPOINT WARNING * * *
A green ugly thing opens the door.
The necromancer shouts!
You hear a deafening roar!
You hear a shout!
Found a hand axe.
Magic courses through your body.
The vampire knight shouts!
The deep troll earth mage shouts!
You hear a horrible gurgling sound!
The quicksilver dragon bites you!
* * * LOW HITPOINT WARNING * * *
The quicksilver dragon claws you but does no damage.
The spriggan berserker invokes Trog's protection!
The necromancer closely misses you. The stone giant closely misses you.
The vampire knight hits you from afar with a +0 bardiche!
You die... ##.≈≈.[. #.≈.... ## ##≈.... u) #..... ###'### #..... # ##.....## #..... .. #.?D..?.# #..... .. #[#T.CDG..# #..... .......# #TZVp@iD..+

#..#..
.......#
#T#..CDD..#∆
#.#...
.......#
#.VQZZ$.#
#.#...
≈≈.....#
##.....##
#.#.#.
.......#
###+### #.#.
.#.....#∆ ∆
###.
##.....##
### #.
........#
##.###.
#.......##
##..#...


You could see a frost giant, 2 fire dragons, an ice dragon (can't see you), 2
quicksilver dragons, a stone giant (can't see you), a tengu reaver, 2 vampire
knights, a green ugly thing (wandering, can't see you), a deep troll, a spriggan
berserker (regenerating, strong-willed), 2 deep troll earth magi, a necromancer
(can't see you), a floating eye, a spriggan berserker zombie (can't see you), a
spark wasp zombie (can't see you) and a sphinx skeleton (wandering, can't see
you).

Vanquished Creatures
  A dread lich (Vaults:4)
  Mara (Depths:1)
  A caustic shrike (Depths:3)
  Nikola (Spider:3)
  2 golden dragons (Vaults:5)
  Jory (Vaults:4)
  The ghost of Weosaxue the Earth Mage, an adept GrEE of Vehumet (Vaults:1)
  2 tentacled monstrosities (Vaults:5)
  Rupert (D:12)
  2 deep elf blademasters
  2 titans (Vaults:5)
  2 deep elf master archers (Elf:3)
  A quicksilver dragon (Vaults:5)
  An acid blob (Spider:2)
  Gastronok (Lair:2)
  A sphinx (Vaults:4)
  A tentacled starspawn (Elf:3)
  A shadow dragon (Vaults:5)
  Agnes (Spider:1)
  Kirke (D:12)
  5 tengu reavers
  2 storm dragons (Vaults:5)
  Ilsuiw (Shoals:4)
  10 vault wardens
  3 frost giants
  The ghost of Veqyhair the Imperceptible, an adept KoBr of Hepliaklqana (Shoals:3)
  7 emperor scorpions
  A fire giant (Depths:1)
  2 orc warlords (Vaults:1)
  An iron dragon (Vaults:5)
  3 deep elf sorcerers
  4 ghost moths
  A curse skull (Vaults:3)
  A broodmother (Spider:4)
  2 deep elf elementalists (Elf:3)
  10 stone giants
  A war gargoyle (Vaults:3)
  19 ironbound preservers
  15 very ugly things
  7 ironbound thunderhulks
  7 deep elf demonologists
  10 entropy weavers
  7 deep elf annihilators
  Azrael (D:13)
  A vampire knight (Depths:1)
  7 dire elephants (Vaults:2)
  11 spark wasps
  3 deep elf death magi
  4 merfolk javelineers (Shoals:4)
  The ghost of sevenfields the Fighter, a journeyman FoFi of Ashenzari (D:11)
  2 fire dragons
  Josephine (D:13)
  3 crystal guardians
  11 yaktaur captains
  7 ettins
  4 deep elf high priests
  The ghost of Shaidar the Cleaver, a journeyman MiBe of Trog (D:10)
  3 ice dragons
  6 merfolk impalers
  2 rakshasas
  7 hydras
  16 vault guards
  3 great orbs of eyes
  5 boulder beetles
  An ogre mage (D:13)
  2 jorogumos
  2 peacekeepers
  14 ironbound frosthearts
  A catoblepas (D:13)
  4 two-headed ogres
  5 centaur warriors
  3 caustic shrike simulacra (IceCv)
  2 alligator snapping turtles
  2 radroaches
  2 merfolk aquamancers (Shoals:3)
  A deep troll shaman (Lair:6)
  19 dancing weapons
  9 death yaks (Lair:6)
  3 satyrs
  6 tengu warriors
  4 hell hogs (Depths:3)
  2 vampire magi
  18 deep elf knights
  A storm dragon zombie (Vaults:1)
  4 deep troll earth magi
  2 orc high priests
  Nergalle (Lair:4)
  An iron troll (Depths:1)
  A shadow wraith (Vaults:4)
  A fire crab (shapeshifter) (D:9)
  4 pharaoh ants
  A sun moth (Spider:3)
  6 sea snakes
  10 orb spiders
  4 steelbarb worms
  2 orange crystal statues (IceCv)
  3 glowing orange brains
  41 deep trolls
  10 lindwurms
  14 wizards
  Pikel (D:6)
  5 necromancers
  13 ironbound convokers
  A lindwurm (shapeshifter) (Depths:2)
  23 deep elf pyromancers
  2 phantasmal warriors
  A golden dragon skeleton (Depths:2)
  12 harpies
  16 deep elf archers
  An oklob plant (Spider:2)
  28 deep elf zephyrmancers
  3 orc sorcerers
  An iron dragon zombie (Depths:2)
  13 wolf spiders
  11 orc knights
  A tengu skeleton (Vaults:1)
  40 ugly things
  11 manticores
  9 moths of wrath
  8 cyclopes
  A shining eye (shapeshifter) (Vaults:4)
  17 fauns
  A stone giant zombie (Vaults:3)
  An iron dragon skeleton (Depths:2)
  25 elephants
  15 vault sentinels
  A stone giant skeleton (Vaults:3)
  7 water nymphs
  The ghost of flestrin the Summoner, a novice TeSu (D:5)
  7 merfolk sirens
  A rust devil (Depths:1)
  5 torpor snails
  4 black mambas
  Maggie (D:6)
  18 cane toads
  2 kobold demonologists
  2 freezing wraiths (IceCv)
  3 rime drakes
  2 unseen horrors
  8 demonic crawlers
  An elf skeleton (Vaults:3)
  11 yaktaurs
  17 nameless horrors
  10 komodo dragons
  A golden dragon simulacrum (IceCv)
  4 tengu conjurers
  3 polar bears (Lair:6)
  3 meliai (Spider:2)
  7 trolls
  33 tarantellas
  15 hornets
  A raiju (shapeshifter) (Vaults:5)
  Prince Ribbit (D:5)
  A polar bear (shapeshifter) (Vaults:5)
  25 merfolk
  19 slime creatures
  6 dream sheep
  A dream sheep (shapeshifter) (Vaults:1)
  17 blink frogs
  5 wind drakes
  2 human simulacra
  A stone giant simulacrum (Vaults:3)
  19 jumping spiders
  6 snapping turtles
  A centaur simulacrum (D:12)
  26 culicivoras
  3 shadows
  18 water elementals
  An air elemental (Elf:1)
  3 spriggans (D:11)
  2 dire elephant simulacra (IceCv)
  7 wraiths
  4 fire elementals
  17 humans (D:14)
  47 yaks
  3 wyverns
  2 hogs (D:12)
  6 basilisks
  Grum (D:10)
  13 vampire mosquitoes
  55 redbacks
  7 wargs
  8 acid dragons
  24 water moccasins
  A water moccasin (shapeshifter) (D:14)
  A hell hound (D:13)
  2 hydra simulacra (IceCv)
  Edmund (D:6)
  40 orc warriors
  A sky beast (D:7)
  4 black bears
  An ettin simulacrum (IceCv)
  12 ogres
  2 alligator simulacra (IceCv)
  6 boggarts
  30 wolves
  22 centaurs
  2 phantoms (D:6)
  A kobold brigand (D:10)
  18 bullfrogs
  6 scorpions
  7 necrophages
  A human skeleton (Vaults:3)
  14 wights
  16 killer bees
  2 electric eels (Lair:6)
  2 hounds
  2 gnoll shamans
  20 orc priests
  3 jellies
  4 iguanas
  Natasha (D:2)
  28 orc wizards
  7 hell rats (Lair:4)
  A mummy (D:7)
  Robin (D:4)
  A howler monkey zombie (D:8)
  5 adders
  8 gnolls
  2 white imps
  2 worms
  A dart slug (D:5)
  77 orcs
  2 bats
  2 endoplasms (D:1)
  4 giant cockroaches
  16 goblins
  4 hobgoblins
  3 jackals (D:3)
  12 kobolds
  7 quokkas
  7 ball pythons
  4 frilled lizards
  A rat (D:1)
  A butterfly (D:5)
  2 starspawn tentacles (Elf:3)
1649 creatures vanquished.

Vanquished Creatures (collateral kills)
  An ancient lich (Vaults:5)
  Bai Suzhen (Elf:3)
  A titan (Vaults:5)
  A sphinx (Vaults:2)
  An ancient champion (Vaults:3)
  A storm dragon (Vaults:5)
  A frost giant (Vaults:5)
  A deep elf sorcerer (Elf:3)
  5 vault wardens
  2 orc warlords
  2 ironbound preservers
  A balrug (Orc:1)
  2 deep elf elementalists (Elf:3)
  2 very ugly things
  3 stone giants
  3 deep elf demonologists (Elf:3)
  A spark wasp (Lair:2)
  3 dire elephants (Vaults:4)
  2 deep elf death magi (Elf:3)
  3 merfolk impalers (Shoals:4)
  2 ettins
  2 merfolk javelineers (Shoals:4)
  A great orb of eyes (Vaults:4)
  A deep elf high priest (Vaults:5)
  15 vault guards
  2 fire dragons
  A yaktaur captain (Vaults:1)
  2 hydras
  A spriggan air mage (Depths:3)
  2 caustic shrike simulacra (IceCv)
  An ironbound frostheart (Vaults:3)
  2 boulder beetles
  A satyr (Shoals:2)
  2 merfolk aquamancers (Shoals:4)
  A two-headed ogre (D:13)
  A merfolk avatar (Shoals:4)
  3 centaur warriors
  2 death yaks (Lair:6)
  A catoblepas (Lair:6)
  A tengu warrior (Depths:3)
  17 dancing weapons
  3 deep elf knights
  A skeletal warrior (Vaults:3)
  A pharaoh ant (Spider:1)
  A sun moth (Spider:3)
  3 sea snakes (Shoals:4)
  19 deep trolls
  An orange crystal statue (Depths:1)
  5 ironbound convokers
  A wizard (Vaults:3)
  4 orc knights
  7 harpies
  12 ugly things
  4 deep elf pyromancers
  3 wolf spiders
  5 fauns (Shoals:4)
  A cyclops (D:12)
  A manticore (Shoals:4)
  4 merfolk sirens
  4 vault sentinels
  3 water nymphs
  An elf skeleton (Vaults:3)
  3 yaktaurs
  4 freezing wraiths
  A tengu conjurer (Depths:1)
  An anaconda simulacrum (IceCv)
  A demonic crawler (Spider:3)
  6 merfolk (Shoals:4)
  A wind drake (Shoals:4)
  2 nameless horrors
  A hornet (Spider:4)
  2 tarantellas
  5 snapping turtles
  2 jumping spiders
  8 slime creatures
  3 water elementals
  A spriggan (shapeshifter) (D:12)
  A yak (D:10)
  2 vampire mosquitoes (D:12)
  A human (D:14)
  3 redbacks
  A harpy simulacrum (IceCv)
  An acid dragon (D:12)
  A human zombie (Vaults:3)
  A hell hound (D:13)
  2 orc warriors
  An ettin simulacrum (IceCv)
  2 centaurs (D:13)
  2 necrophages
  Crazy Yiuf (D:2)
  Natasha (twice) (D:2)
  2 orc wizards
  A worm (D:3)
  17 orcs
  2 bats (D:1)
  2 endoplasms
  3 goblins
  3 hobgoblins
  A jackal (D:3)
  3 kobolds
  A quokka (D:3)
  A ball python (D:3)
  3 rats (D:3)
283 creatures vanquished.

Vanquished Creatures (others)
  A deep elf blademaster (Elf:3)
  A fire giant (Vaults:5)
  A vault warden (Vaults:5)
  5 vault guards (Vaults:5)
  2 deep elf knights
  A deep troll (Depths:1)
  A deep elf pyromancer (Elf:1)
  2 deep elf zephyrmancers (Elf:2)
  A cyclops (D:9)
  A moth of wrath (Spider:2)
  A vault sentinel (Vaults:3)
  2 fire elementals (D:13)
  A redback (Spider:2)
  A human (D:12)
  A centaur (D:13)
  A killer bee (D:9)
  An orc priest (Orc:2)
  An orc wizard (D:7)
  An adder (D:6)
  49 fungi
  308 plants
  A starspawn tentacle (Elf:3)
  5 withered plants (D:8)
389 creatures vanquished.

Grand Total: 2321 creatures vanquished

Notes
Turn   | Place    | Note
-------+----------+-------------------------------------------
     0 | D:1      | Ignak the Gnoll Hedge Wizard began the quest for the Orb.
     0 | D:1      | Reached XP level 1. HP: 13/13 MP: 8/8
   441 | D:1      | Reached XP level 2. HP: 19/19 MP: 10/10
   444 | D:1      | Learned a level 2 spell: Blink
   447 | D:1      | Learned a level 2 spell: Call Imp
  1381 | D:2      | Found a runed translucent door.
  1382 | D:2      | Noticed Crazy Yiuf
  1476 | D:2      | Noticed Natasha
  1485 | D:2      | Noticed a crimson imp
  1493 | D:2      | Killed Natasha
  1494 | D:2      | Reached skill level 1 in Invocations
  1494 | D:2      | Reached XP level 3. HP: 5/25 MP: 4/11
  1610 | D:2      | Noticed Natasha
  1621 | D:2      | Learned a level 3 spell: Mephitic Cloud
  1627 | D:2      | Killed Natasha
  1628 | D:2      | Reached skill level 1 in Fighting
  1628 | D:2      | Reached skill level 1 in Short Blades
  1628 | D:2      | Reached skill level 1 in Long Blades
  1628 | D:2      | Reached skill level 1 in Axes
  1628 | D:2      | Reached skill level 1 in Maces & Flails
  1628 | D:2      | Reached skill level 1 in Polearms
  1628 | D:2      | Reached skill level 1 in Staves
  1628 | D:2      | Reached skill level 1 in Slings
  1628 | D:2      | Reached skill level 1 in Bows
  1628 | D:2      | Reached skill level 1 in Crossbows
  1628 | D:2      | Reached skill level 1 in Throwing
  1628 | D:2      | Reached skill level 1 in Armour
  1628 | D:2      | Reached skill level 1 in Shields
  1628 | D:2      | Reached skill level 1 in Unarmed Combat
  1628 | D:2      | Reached skill level 1 in Evocations
  1628 | D:2      | Reached XP level 4. HP: 7/32 MP: 9/13
  1886 | D:2      | Noticed Natasha
  1908 | D:2      | Killed Natasha
  1909 | D:2      | Reached skill level 1 in Hexes
  1909 | D:2      | Reached skill level 1 in Necromancy
  1909 | D:2      | Reached skill level 1 in Transmutations
  1909 | D:2      | Reached skill level 1 in Fire Magic
  1909 | D:2      | Reached skill level 1 in Ice Magic
  1909 | D:2      | Reached skill level 1 in Air Magic
  1909 | D:2      | Reached skill level 1 in Earth Magic
  1909 | D:2      | Reached skill level 1 in Poison Magic
  2096 | D:2      | Killed Crazy Yiuf
  2097 | D:2      | Reached XP level 5. HP: 37/37 MP: 4/14
  2729 | D:3      | Found a faded altar of an unknown god.
  3148 | D:3      | Reached XP level 6. HP: 24/44 MP: 12/16
  3416 | D:4      | Reached skill level 5 in Dodging
  3780 | D:4      | Reached XP level 7. HP: 47/50 MP: 16/18
  4210 | D:4      | Noticed Robin
  4225 | D:4      | Killed Robin
  4523 | D:4      | Reached skill level 5 in Stealth
  4684 | D:4      | Reached XP level 8. HP: 57/57 MP: 8/19
  5054 | D:4      | Gained mutation: You possess an exceptional clarity of
                  | mind. [potion of mutation]
  5054 | D:4      | Lost mutation: You possess an exceptional clarity of mind.
                  | [potion of mutation]
  5054 | D:4      | Gained mutation: You possess an exceptional clarity of
                  | mind. [potion of mutation]
  5054 | D:4      | Gained mutation: You are partially covered in iridescent
                  | scales. (AC +2) [potion of mutation]
  5273 | D:5      | Entered Level 5 of the Dungeon
  5791 | D:5      | Found a runed translucent door.
  5794 | D:5      | Noticed flestrin's ghost (novice TeSu)
  5874 | D:5      | Found a staircase to the Ecumenical Temple.
  5887 | Temple   | Entered the Ecumenical Temple
  5934 | Temple   | Became a worshipper of Sif Muna the Loreminder
  6073 | D:5      | Found a runed translucent door.
  6214 | D:5      | Noticed Prince Ribbit
  6224 | D:5      | Killed Prince Ribbit
  6307 | D:5      | Reached XP level 9. HP: 43/65 MP: 14/21
  6671 | D:5      | Learned a level 3 spell: Conjure Flame
  6765 | D:5      | Killed flestrin's ghost
  7361 | D:6      | Noticed Pikel
  7380 | D:6      | Killed Pikel
  7381 | D:6      | Reached skill level 5 in Invocations
  7560 | D:6      | Identified the +1 glaive "Dynasum" {freeze, rPois Dex+2}
  7569 | D:6      | Noticed Maggie
  7603 | D:6      | Killed Maggie
  7604 | D:6      | Reached XP level 10. HP: 23/73 MP: 1/22
  8104 | D:6      | Noticed Edmund
  8113 | D:6      | Killed Edmund
  8114 | D:6      | Reached skill level 5 in Fighting
  8114 | D:6      | Reached skill level 5 in Short Blades
  8114 | D:6      | Reached skill level 5 in Long Blades
  8114 | D:6      | Reached skill level 5 in Axes
  8114 | D:6      | Reached skill level 5 in Maces & Flails
  8114 | D:6      | Reached skill level 5 in Polearms
  8114 | D:6      | Reached skill level 5 in Staves
  8114 | D:6      | Reached skill level 5 in Slings
  8114 | D:6      | Reached skill level 5 in Bows
  8114 | D:6      | Reached skill level 5 in Crossbows
  8114 | D:6      | Reached skill level 5 in Throwing
  8114 | D:6      | Reached skill level 5 in Armour
  8114 | D:6      | Reached skill level 5 in Shields
  8114 | D:6      | Reached skill level 5 in Unarmed Combat
  8114 | D:6      | Reached skill level 5 in Evocations
  8282 | D:7      | Reached * piety under Sif Muna
  9699 | D:7      | Reached skill level 5 in Conjurations
  9699 | D:7      | Reached skill level 5 in Summonings
  9699 | D:7      | Reached skill level 5 in Translocations
 10145 | D:8      | Reached ** piety under Sif Muna
 10358 | D:8      | Reached XP level 11. HP: 81/81 MP: 22/24
 10495 | D:9      | Noticed a centaur warrior
 10495 | D:9      | Noticed a fire crab
 10495 | D:9      | Noticed an orc knight
 10496 | D:9      | Found a runed translucent door.
 10498 | D:9      | Noticed a cyclops
 10498 | D:9      | Noticed a centaur warrior
 10498 | D:9      | Noticed a glowing orange brain
 10508 | D:9      | Killed a centaur warrior
 10519 | D:9      | Killed a centaur warrior
 10520 | D:9      | Reached skill level 5 in Hexes
 10520 | D:9      | Reached skill level 5 in Necromancy
 10520 | D:9      | Reached skill level 5 in Transmutations
 10520 | D:9      | Reached skill level 5 in Fire Magic
 10520 | D:9      | Reached skill level 5 in Ice Magic
 10520 | D:9      | Reached skill level 5 in Air Magic
 10520 | D:9      | Reached skill level 5 in Earth Magic
 10520 | D:9      | Reached skill level 5 in Poison Magic
 10520 | D:9      | Killed a glowing orange brain
 10523 | D:9      | Killed a fire crab
 10528 | D:9      | Killed an orc knight
 10542 | D:9      | Killed a cyclops
 10667 | D:9      | Identified the ring "Zetas" {Will+ AC+4 Stlth+}
 11395 | D:9      | Noticed a two-headed ogre
 11411 | D:9      | Killed a two-headed ogre
 11677 | D:10     | Entered Level 10 of the Dungeon
 11685 | D:10     | Found a transporter.
 11692 | D:10     | Noticed a manticore
 11702 | D:10     | Found a staircase to the Orcish Mines.
 11733 | D:10     | Reached *** piety under Sif Muna
 11734 | D:10     | Reached skill level 10 in Spellcasting
 11734 | D:10     | Reached XP level 12. HP: 75/89 MP: 24/26
 12131 | D:10     | Identified the +3 spear "Deise" {vorpal, Int+7}
 12135 | D:10     | Noticed Shaidar's ghost (journeyman MiBe)
 12136 | D:10     | Found a transporter.
 12200 | D:10     | Noticed a two-headed ogre
 12223 | D:10     | Noticed Grum
 12244 | D:10     | Killed Grum
 12472 | D:10     | Found a burning altar of Makhleb.
 12537 | D:10     | Found Iwutaj's Antique Armour Emporium.
 12547 | D:10     | Bought a pair of embroidered boots for 195 gold pieces
 13306 | D:10     | Killed a two-headed ogre
 13757 | D:10     | Killed Shaidar's ghost
 14223 | D:11     | Noticed an eight-headed hydra
 14250 | D:11     | Killed an eight-headed hydra
 14485 | D:11     | Found an iron altar of Okawaru.
 14825 | D:11     | Found a runed translucent door.
 14829 | D:11     | Identified the +1 trident of Gefiuck {drain, Dex+3}
 14831 | D:11     | Noticed sevenfields's ghost (journeyman FoFi)
 14979 | D:11     | Noticed a boulder beetle
 14986 | D:11     | Reached **** piety under Sif Muna
 15067 | D:11     | Killed a boulder beetle
 15265 | D:11     | Found a staircase to the Lair.
 15376 | D:11     | Killed sevenfields's ghost
 15701 | D:11     | Learned a level 4 spell: Hailstorm
 15797 | Orc:1    | Entered Level 1 of the Orcish Mines
 16097 | Orc:1    | Noticed an orc high priest
 16105 | Orc:1    | Noticed a soul eater
 16114 | Orc:1    | Reached XP level 13. HP: 45/95 MP: 20/27
 16437 | Orc:1    | Reached ***** piety under Sif Muna
 16863 | Orc:1    | Found a runed translucent door.
 16866 | Orc:1    | Noticed a balrug
 17211 | Orc:1    | Killed a balrug
 17463 | Orc:2    | Entered Level 2 of the Orcish Mines
 17552 | Orc:2    | Received a gift from Sif Muna
 17562 | Orc:2    | Got Sif Muna's Handbook of Attacks and Displacement {god
                  | gift}
 18752 | Orc:2    | Found Xiesch's General Store.
 18756 | Orc:2    | Found Zoxei's Specific Store.
 18778 | Orc:2    | Bought the Tome of the Warped Volcanoes for 384 gold pieces
 18778 | Orc:2    | Bought a scroll of blinking for 120 gold pieces
 18778 | Orc:2    | Bought a +2 pair of gloves of strength for 344 gold pieces
 18844 | Orc:2    | Found a staircase to the Elven Halls.
 19311 | Orc:2    | Found Guocieguco's Distillery.
 19311 | Orc:2    | Found Nextoq's Jewellery Boutique.
 19313 | Orc:2    | Found Vah Peas's General Store.
 19315 | Orc:2    | Found Zuikuseq's General Store.
 19330 | Orc:2    | Bought the +0 cloak of the Hungering Gods {Regen+ Str+4
                  | Dex+2} for 409 gold pieces
 19442 | Lair:1   | Entered Level 1 of the Lair of Beasts
 20304 | Lair:2   | Got the Handbook of Feathery Dislocation
 20476 | Lair:2   | Noticed Gastronok
 20492 | Lair:2   | Killed Gastronok
 20493 | Lair:2   | Reached skill level 10 in Dodging
 20493 | Lair:2   | Reached XP level 14. HP: 105/106 MP: 13/29
 20536 | Lair:2   | Received a gift from Sif Muna
 20539 | Lair:2   | Got Sif Muna's Almanac of Displaced Dark Rituals {god gift}
 20591 | Lair:2   | Learned a level 5 spell: Lightning Bolt
 20771 | Lair:2   | Found a hole to the Spider Nest.
 21287 | Lair:3   | Reached skill level 10 in Stealth
 21649 | Lair:3   | Found a staircase to the Shoals.
 21758 | Lair:3   | Reached skill level 10 in Invocations
 22464 | Lair:4   | Noticed Nergalle
 22483 | Lair:4   | Killed Nergalle
 22526 | Lair:4   | Received a gift from Sif Muna
 22527 | Lair:4   | Got Sif Muna's Incunabulum of the Escort and Flames {god
                  | gift}
 22549 | Lair:4   | Learned a level 6 spell: Summon Cactus Giant
 22556 | Lair:4   | Learned a level 5 spell: Fireball
 23397 | Lair:5   | Identified the +8 quarterstaff of the Fox {vorpal, *Rage
                  | +Blink rElec rPois}
 24051 | Lair:6   | Entered Level 6 of the Lair of Beasts
 24072 | Lair:6   | Reached XP level 15. HP: 70/115 MP: 31/31
 24308 | Lair:6   | Found a staircase to the Slime Pits.
 24308 | Lair:6   | Found a viscous altar of Jiyva.
 24398 | Lair:6   | Received a gift from Sif Muna
 24399 | Lair:6   | Got Sif Muna's Reference Book on Confrontation and Air {god
                  | gift}
 24577 | Lair:6   | Reached skill level 10 in Fighting
 24577 | Lair:6   | Reached skill level 10 in Short Blades
 24577 | Lair:6   | Reached skill level 10 in Long Blades
 24577 | Lair:6   | Reached skill level 10 in Axes
 24577 | Lair:6   | Reached skill level 10 in Maces & Flails
 24577 | Lair:6   | Reached skill level 10 in Polearms
 24577 | Lair:6   | Reached skill level 10 in Staves
 24577 | Lair:6   | Reached skill level 10 in Slings
 24577 | Lair:6   | Reached skill level 10 in Bows
 24577 | Lair:6   | Reached skill level 10 in Crossbows
 24577 | Lair:6   | Reached skill level 10 in Throwing
 24577 | Lair:6   | Reached skill level 10 in Armour
 24577 | Lair:6   | Reached skill level 10 in Shields
 24577 | Lair:6   | Reached skill level 10 in Unarmed Combat
 24577 | Lair:6   | Reached skill level 10 in Evocations
 25975 | D:12     | Noticed Kirke
 25985 | D:12     | Noticed Rupert
 25989 | D:12     | Paralysed by Rupert for 7 turns
 26279 | D:12     | Killed Kirke
 26501 | D:12     | Received a gift from Sif Muna
 26502 | D:12     | Got Sif Muna's Collected Works on the Traveller and
                  | Enchantment {god gift}
 26557 | D:12     | Identified the ring of Ururuewk {Fly rPois MP+9 Int-3}
 26983 | D:12     | You are sucked into a shaft and drop 2 floors!
 27179 | D:13     | Noticed Josephine
 27205 | D:13     | Killed Josephine
 27362 | D:13     | Noticed Azrael
 27379 | D:13     | Reached XP level 16. HP: 88/123 MP: 15/32
 27404 | D:13     | Killed Azrael
 27627 | D:13     | Found a radiant altar of Vehumet.
 27771 | D:12     | Killed Rupert
 28818 | D:14     | Found a gate to the Vaults.
 28854 | D:14     | Found a portal to a secret trove of treasure.
 29080 | D:14     | Identified the +0 helmet "Giduq" {rPois}
 29417 | D:15     | Entered Level 15 of the Dungeon
 30171 | D:15     | Received a gift from Sif Muna
 30174 | D:15     | Got Guis's Collected Works on Shifting Attacks {god gift}
 30294 | D:15     | Found a staircase to the Depths.
 30642 | Spider:1 | Entered Level 1 of the Spider Nest
 31904 | Spider:1 | Noticed Agnes
 31916 | Spider:1 | Killed Agnes
 32178 | Spider:2 | Reached XP level 17. HP: 115/125 MP: 34/34
 32259 | Spider:1 | Learned a level 5 spell: Freezing Cloud
 32272 | Spider:2 | Received a gift from Sif Muna
 32273 | Spider:2 | Got Poatzedgh's Almanac of Transmigration and Dislocation
                  | {god gift}
 32433 | Spider:2 | Reached skill level 10 in Conjurations
 32433 | Spider:2 | Reached skill level 10 in Summonings
 32433 | Spider:2 | Reached skill level 10 in Translocations
 32435 | Spider:2 | Reached ****** piety under Sif Muna
 32815 | Spider:2 | Noticed an acid blob
 32828 | Spider:2 | Killed an acid blob
 32989 | Spider:2 | Identified the +3 great sword of the Swamp {flame, Str+2
                  | Int+3}
 33964 | Spider:3 | Reached skill level 10 in Hexes
 33964 | Spider:3 | Reached skill level 10 in Necromancy
 33964 | Spider:3 | Reached skill level 10 in Transmutations
 33964 | Spider:3 | Reached skill level 10 in Fire Magic
 33964 | Spider:3 | Reached skill level 10 in Ice Magic
 33964 | Spider:3 | Reached skill level 10 in Air Magic
 33964 | Spider:3 | Reached skill level 10 in Earth Magic
 33964 | Spider:3 | Reached skill level 10 in Poison Magic
 34590 | Spider:3 | Received a gift from Sif Muna
 35081 | Spider:4 | Entered Level 4 of the Spider Nest
 35131 | Spider:4 | Noticed Nikola
 35205 | Spider:3 | Killed Nikola
 35786 | Spider:4 | Reached XP level 18. HP: 86/140 MP: 30/35
 35885 | Spider:4 | Received a gift from Sif Muna
 35929 | Spider:4 | Got Sif Muna's Collected Works on Freezing Calling {god
                  | gift}
 35937 | Spider:4 | Learned a level 3 spell: Ozocubu's Armour
 37035 | Spider:4 | Got a gossamer rune of Zot
 37610 | Elf:1    | Entered Level 1 of the Elven Halls
 37983 | Elf:1    | Received a gift from Sif Muna
 37992 | Elf:1    | Got Sif Muna's Almanac of Arcane Weapons {god gift}
 38132 | Elf:1    | Learned a level 2 spell: Ensorcelled Hibernation
 38232 | Elf:1    | Identified a scroll of acquirement
 38233 | Elf:1    | Acquired the +4 kite shield of Inference {rElec Dex+5}
 38883 | Elf:1    | Found Plog's Assorted Antiques.
 39015 | Elf:1    | Got Otiuluij's Disquisition on Freezing Arcane Weapons
 39472 | Elf:2    | Found Pyefos's General Store.
 39835 | Elf:2    | Found a runed translucent gate.
 39835 | Elf:2    | Found a runed translucent gate.
 39836 | Elf:2    | Found a runed translucent gate.
 39873 | Elf:2    | Reached XP level 19. HP: 148/148 MP: 37/37
 41274 | Shoals:1 | Entered Level 1 of the Shoals
 41288 | Shoals:1 | Received a gift from Sif Muna
 41289 | Shoals:1 | Got Sif Muna's Handbook of Ensnaring Dark Secrets {god
                  | gift}
 41322 | Shoals:1 | Learned a level 6 spell: Death Channel
 42100 | Shoals:2 | Found a frozen archway.
 42108 | Shoals:2 | Found Telet's Armour Shop.
 42120 | IceCv    | Entered an ice cave
 42671 | Shoals:2 | Bought the +0 helmet "Pisud" {rCorr Str+2 SInv} for 433
                  | gold pieces
 43135 | Shoals:2 | Received a gift from Sif Muna
 43136 | Shoals:2 | Got Sif Muna's Almanac of the Floating Frostbite {god gift}
 43146 | Shoals:2 | Learned a level 3 spell: Frozen Ramparts
 43909 | Shoals:3 | Found a runed translucent door.
 43910 | Shoals:3 | Found a shimmering altar of Xom.
 43910 | Shoals:3 | Noticed Veqyhair's ghost (adept KoBr)
 44033 | Shoals:3 | Killed Veqyhair's ghost
 44034 | Shoals:3 | Reached skill level 15 in Spellcasting
 44794 | Shoals:4 | Entered Level 4 of the Shoals
 44865 | Shoals:4 | Reached XP level 20. HP: 157/157 MP: 7/39
 45309 | Shoals:4 | Received a gift from Sif Muna
 45312 | Shoals:4 | Got Sif Muna's Catalogue of Vitriolic Fascination {god
                  | gift}
 45390 | Shoals:4 | Noticed Ilsuiw
 45397 | Shoals:4 | Killed Ilsuiw
 45743 | Shoals:4 | Got a barnacled rune of Zot
 46168 | Vaults:1 | Entered Level 1 of the Vaults
 46334 | Vaults:1 | Got the Disquisition on Lightness
 46398 | D:14     | Learned a level 5 spell: Lee's Rapid Deconstruction
 46761 | Vaults:1 | Reached skill level 15 in Invocations
 47234 | Vaults:1 | Found a runed translucent gate.
 47234 | Vaults:1 | Found a runed translucent gate.
 47237 | Vaults:1 | Found a runed translucent gate.
 47239 | Vaults:1 | Noticed Weosaxue's ghost (adept GrEE)
 47363 | Vaults:1 | Killed Weosaxue's ghost
 47655 | Vaults:1 | Received a gift from Sif Muna
 47795 | Vaults:1 | Identified the +1 ring mail of the Depths {Harm rC++ Int-3}
 47879 | Vaults:1 | Reached XP level 21. HP: 165/165 MP: 36/40
 48531 | Vaults:2 | Learned a level 7 spell: Haunt
 49019 | Vaults:2 | Received a gift from Sif Muna
 49020 | Vaults:2 | Got Sif Muna's Volume of Transmutation and Stolen Souls
                  | {god gift}
 49025 | Vaults:2 | Learned a level 2 spell: Passwall
 49179 | Vaults:2 | Reached skill level 15 in Dodging
 49630 | Orc:2    | Bought a potion of heal wounds for 60 gold pieces
 49630 | Orc:2    | Bought a potion of heal wounds for 60 gold pieces
 49630 | Orc:2    | Bought a potion of heal wounds for 60 gold pieces
 49818 | D:14     | You paid a toll of 11 potions of heal wounds to enter a
                  | treasure trove
 49819 | Trove    | Entered a treasure trove
 49825 | Trove    | Identified the +0 tower shield "Ryhungux" {rN+ rCorr Str+2}
 49827 | Trove    | Identified the +1 ring mail of Absence {Int+6}
 49828 | Trove    | Identified the +2 pair of boots "Livyvopsu" {Rampage +Inv
                  | rPois Str-2}
 49832 | Trove    | Identified the +0 pair of gloves of Ovappuuk {rElec rN++
                  | Str-3}
 49840 | Trove    | Found the +3 warlock's mirror {reflect}
 49841 | Trove    | Identified the +7 chain mail of the Volcano {rF+ rCorr
                  | Dex+2}
 49842 | Trove    | Identified the +0 hat "Xiedd" {+Inv Dex+2}
 49858 | Trove    | Identified the -2 helmet "Gozeq" {Int+3}
 49865 | Trove    | Found the -2 hat of the Alchemist {rElec rPois rF+ rC+ rN+
                  | Will+ rMut rCorr}
 49866 | Trove    | Identified the +0 ring mail of Defiance {Dex+7}
 49867 | Trove    | Identified the +7 chain mail of Weirdness {rC+ Will- Str-5
                  | Int+10}
 49868 | Trove    | Identified the +13 crystal plate armour of Dyvasch {rElec
                  | rN++ Regen+ Stlth-}
 50418 | Vaults:2 | Reached skill level 15 in Stealth
 51443 | Vaults:3 | Received a gift from Sif Muna
 51631 | Vaults:3 | Got Sif Muna's Tome of the Mountains {god gift}
 51809 | Vaults:3 | Found a staircase to the Crypt.
 51816 | Vaults:3 | You fall into a shaft and drop 1 floor!
 52257 | Vaults:3 | Reached XP level 22. HP: 174/174 MP: 37/42
 53184 | Vaults:3 | Reached skill level 15 in Fighting
 53184 | Vaults:3 | Reached skill level 15 in Short Blades
 53184 | Vaults:3 | Reached skill level 15 in Long Blades
 53184 | Vaults:3 | Reached skill level 15 in Axes
 53184 | Vaults:3 | Reached skill level 15 in Maces & Flails
 53184 | Vaults:3 | Reached skill level 15 in Polearms
 53184 | Vaults:3 | Reached skill level 15 in Staves
 53184 | Vaults:3 | Reached skill level 15 in Slings
 53184 | Vaults:3 | Reached skill level 15 in Bows
 53184 | Vaults:3 | Reached skill level 15 in Crossbows
 53184 | Vaults:3 | Reached skill level 15 in Throwing
 53184 | Vaults:3 | Reached skill level 15 in Armour
 53184 | Vaults:3 | Reached skill level 15 in Shields
 53184 | Vaults:3 | Reached skill level 15 in Unarmed Combat
 53184 | Vaults:3 | Reached skill level 15 in Evocations
 53219 | Vaults:3 | Received a gift from Sif Muna
 53835 | Vaults:4 | Identified the +1 spear of Qazlal's Delight {holy, Int+4
                  | Dex+6 Stlth-}
 55256 | Elf:3    | Entered Level 3 of the Elven Halls
 55261 | Elf:3    | Received a gift from Sif Muna
 55472 | Elf:3    | Acquired 951 gold pieces
 55494 | Elf:3    | Found a transporter.
 55503 | Elf:3    | Found a one-way gate to the infinite horrors of the Abyss.
 55503 | Elf:3    | Noticed Morbidden's ghost (adept DsCj)
 55872 | Elf:3    | Noticed Bai Suzhen
 55898 | Elf:3    | Killed Bai Suzhen
 55996 | Elf:3    | Reached XP level 23. HP: 167/182 MP: 9/43
 56043 | Elf:3    | Received a gift from Sif Muna
 56046 | Elf:3    | Got Yppees's Papyrus of Entrancing Venom {god gift}
 56055 | Elf:3    | Learned a level 4 spell: Olgreb's Toxic Radiance
 56120 | Elf:3    | Got the Tome of Excruciating Feathers
 56130 | Elf:3    | Got the Papyrus of the Entourage and Arcane Weapons
 56164 | Elf:3    | Identified the amulet of Fragile Peace {Spirit Will+}
 56167 | Elf:3    | Identified the +4 halberd of the Eternal Void {pain, SInv}
 56169 | Elf:3    | Identified the ring of Eqeoss {Fire Contam rN++ rCorr
                  | Dex+4}
 56223 | Elf:3    | Got the Guide on Sinister Rites
 56322 | Elf:3    | Identified the +11 trident "Lasoirif" {flame, Fragile
                  | Will++ Dex+3}
 56333 | Elf:3    | Identified the ring "Unacyus" {rElec rPois rF+ Will+ Str-3}
 56507 | Elf:3    | Found a transporter.
 56812 | Elf:3    | Found Dewke's One-of-a-Kind Books.
 57363 | Vaults:2 | Gained mutation: You are clumsy. (Dex -2) [mutagenic glow]
 57459 | Vaults:5 | Entered Level 5 of the Vaults
 57881 | Vaults:5 | Identified the +9 falchion "Hinaimm" {vorpal, rPois}
 57888 | Vaults:5 | Identified the +5 mace of Fovuh {vorpal, Dex+3}
 57891 | Vaults:5 | Identified the +1 leather armour "Dykathog" {Regen+ rCorr}
 58036 | Vaults:5 | Noticed a golden dragon
 58073 | Vaults:5 | Killed a golden dragon
 58272 | Vaults:5 | Noticed a dread lich
 58299 | Vaults:5 | Noticed Jory
 58317 | Vaults:4 | Killed Jory
 58371 | Vaults:4 | Learned a level 8 spell: Maxwell's Capacitive Coupling
 58856 | Vaults:4 | Killed a dread lich
 58950 | Vaults:5 | Identified the +5 halberd "Ceezxepe" {venom, rElec SInv}
 58987 | Vaults:5 | Noticed an ancient lich
 59008 | Vaults:5 | Killed an ancient lich
 59206 | Vaults:5 | Noticed a golden dragon
 59232 | Vaults:5 | Killed a golden dragon
 59418 | Vaults:5 | Got a silver rune of Zot
 59424 | Vaults:5 | Got the Volume of Translocation and Toxins
 59439 | Vaults:5 | Identified the amulet of Enets {Acrobat rCorr Int+2}
 59618 | Vaults:5 | Identified the +1 robe of Noughts and Crosses {-Cast Dex+7}
 59699 | Vaults:5 | Identified the +8 dagger of the Warrior {venom, rPois Will+
                  | Int+3}
 60020 | Vaults:5 | Acquired 987 gold pieces
 60198 | Depths:1 | Entered Level 1 of the Depths
 60406 | Depths:1 | Reached XP level 24. HP: 133/191 MP: 35/44
 60479 | Depths:1 | Noticed Mara
 60497 | Depths:1 | Noticed Ignak's illusion
 60530 | Depths:1 | Killed Mara
 61222 | Depths:1 | Found a gateway to Hell.
 61681 | Depths:1 | Learned a level 8 spell: Ignition
 62000 | Depths:2 | Identified the +3 triple crossbow of Hajeoral {freeze,
                  | Fragile Fly Will+ Dex+3}
 62044 | Depths:1 | Learned a level 2 spell: Sublimation of Blood
 62327 | Depths:2 | Found a one-way gate leading to the halls of Pandemonium.
 62592 | Depths:2 | You fall into a shaft and drop 1 floor!
 62623 | Depths:3 | Received a gift from Sif Muna
 62817 | Depths:3 | Noticed a caustic shrike
 62849 | Depths:3 | Killed a caustic shrike
 62854 | Depths:3 | HP: 9/192 [fire dragon/blast of flame (15)]
 62855 | Depths:3 | HP: 4/192 [ettin/+0 dire flail (15)]
 63010 | Depths:2 | Slain by a vampire knight

Illustrated notes

Levels and vault maps discovered:
D:1:      dpeg_arrival_rooms_with_view, layout_loops_corners
D:2:      layout_loops_ring, uniq_natasha, uniq_crazy_yiuf_cottage
D:3:      layout_basic, ebering_ecumenical_altar_rust
D:4:      layout_rooms, minmay_door_square, supply_closet_lemuel,
          hangedman_decor_riveting, nzn_random_ring, uniq_robin
D:5:      layout_loops_ring, minmay_temple_entry_butterflies,
          ebering_ghost_sewer_f, uniq_prince_ribbit1
D:6:      layout_basic, uniq_edmund, uniq_maggie, uniq_pikel
D:7:      layout_loops_cross, grunt_decor_one_mirror
D:8:      layout_rooms, serial_undead, serial_undead_e, serial_undead_c,
          serial_undead_b, serial_undead_c, serial_undead_d, serial_undead_c,
          serial_undead_e
D:9:      minmay_gate_of_8, layout_grid_maze, st_stairs_13
D:10:     layout_irregular_city, bloody_makhleb, orc_0_dummy, serial_shops,
          shop, nzn_ghost_randoct, serial_glass, glass_columns_a,
          glass_columns_a, kennysheep_small_spiral, minmay_misc_feat_x,
          uniq_grum
D:11:     layout_basic, lair_entry_dummy, ebering_ghost_funeral_grove,
          okawaru_altar_gauntlet_db
D:12:     minmay_concentric_multi, layout_basic, uniq_rupert, uniq_kirke
D:13:     layout_basic, vehumet_altar_wand_db, uniq_azrael, uniq_josephine
D:14:     layout_irregular_city, grunt_vaults_entry_tiered,
          nicolae_trove_entry_isolated, nicolae_concentric_dashed_squares_mild
D:15:     grunt_enter_depths_hoard, layout_loops_ring,
          amcnicky_mini_corridor_feature
Temple:   mainiacjoe_temple_hex_bubbles
Lair:1:   layout_roguey
Lair:2:   layout_cave_pods, spider_nest_entry_web_field, grunt_megastairs_4,
          lemuel_fruit_fields, uniq_gastronok
Lair:3:   layout_small_grid, elwin_shoals_entry_rocks, st_stairs_10,
          nzn_sisyphean_effort
Lair:4:   layout_small_grid, grunt_megastairs_3, serial_bayou_shore_b,
          uniq_nergalle
Lair:5:   layout_concentric_octagons, serial_bayou_shore_b, lemuel_fruit_tree
Lair:6:   grunt_lair_end_beastmaster, layout_loops_ring, slime_altar_1,
          serial_bayou_shore_a, grunt_megastairs_2
Shoals:1: layout_shoals
Shoals:2: layout_shoals, serial_shops, nicolae_shop_crystal,
          portal_ice_cave_entry_pillars_three
Shoals:3: layout_shoals, ebering_ghost_xom, nicolae_shoals_stone_sculpture_thing
Shoals:4: shoals_end_grunt_garden, layout_shoals, shoal_ilsuiw,
          nicolae_shoals_square_sea_wall
Spider:1: layout_spider_delve, drop_trap, nicolae_spider_jagged_tunnels,
          uniq_agnes
Spider:2: layout_spider_delve, nicolae_spider_acid_house
Spider:3: spiders_nest_scorpion_pit
Spider:4: spider_rune_water, uniq_nikola
Orc:1:    dreamdust_dug_too_deep, layout_caves, mines5_lemuel
Orc:2:    st_orc_rangers, layout_caves, nicolae_specific_store,
          david_defended_altar_orc
Elf:1:    hangedman_staggered_hall, layout_loops_corners, serial_shops,
          nicolae_shop_crystal, hangedman_elf_disciples, nrook_mini_backslash,
          feat_on_display
Elf:2:    nicolae_elf_blades_splatter_lattice
          [nicolae_blade_entry_sentries_behind_glass], layout_rooms,
          serial_shops, nicolae_shop_stone
Elf:3:    elf_hall, layout_gridlike, gammafunk_ghost_abyssal_escape,
          serial_sigils_hangedman_confine, nicolae_rare_books, uniq_bai_suzhen
Vaults:1: gammafunk_ghost_split, v_misc_24, ontoclasm_vaults_fault,
          grunt_vaults_bifocal, st_cells, hangedman_vaults_hat,
          grunt_vaults_funnel, vaults_mumra_hex, v_alt_pattern_1, v_pattern_4,
          nicolae_vaults_yaktaur_gun_rack, vaults_room_semicircle,
          layout_vaults_omnicross
Vaults:2: nicolae_vaults_twisting_passages, v_pattern_1, v_misc_13,
          vaults_mumra_minichess_inversion, v_rooms_6, vaults_standard_mumra_x,
          nicolae_vaults_theta, hangedman_vaults_pinch, grunt_vaults_diagonal,
          nicolae_vaults_shelves_hall, vaults_room_hallway, layout_vaults_ring
Vaults:3: nicolae_vaults_three_branches, minmay_crypt_entry_simple_statues,
          v_pattern_2, nicolae_vaults_network_quincunx
          [nicolae_vaults_network_quincunx_subvault,
          nicolae_vaults_network_quincunx_subvault,
          nicolae_vaults_network_quincunx_subvault,
          nicolae_vaults_network_quincunx_subvault,
          nicolae_vaults_network_quincunx_subvault], vaults_mumra_lcd,
          nicolae_vaults_big_ls, nicolae_vaults_little_squares_5,
          ontoclasm_vaults_misaligned, hangedman_vaults_snaps,
          nicolae_vaults_mini_display_case, layout_vaults_maze_snakey
Vaults:4: v_misc_30, hangedman_vaults_trim, vaults_room_hangedman_quadrants,
          vaults_room_pools, vaults_room_hallway, grunt_vaults_twisty,
          vaults_room_fours, ontoclasm_vaults_decontamination,
          layout_vaults_omnigrid
Vaults:5: uniq_jory
Depths:1: layout_roguey, pf_vacation_house_of_asmodeus,
          serial_sigils_hangedman_writhe, minivault_16,
          hangedman_devilish_allure, serial_bayou_shore_b, uniq_mara
Depths:2: grunt_deathspiral_small, layout_cave_pools, enter_ziggurat_a,
          fedhas_altar_3, serial_bayou, serial_bayou_pond_d,
          serial_bayou_crossing, serial_bayou_ford_a, serial_bayou_lagoon_b,
          rand_demon_pan_entry_9, hangedman_coc_ice_floe
Depths:3: minmay_complete_graph, layout_cave_pools, grunt_hell_horde,
          abyss_entry

Skill      XL: |  1  2  3  4  5  6  7  8  9 10 11 12 13 14 15 16 17 18 19 20 21 22 23 24 |
---------------+-------------------------------------------------------------------------+-----
Conjurations   | 2 3 4 5 6 7 8 9 10 11 12 13 14 | 14.1
Summonings     | 2 3 4 5 6 7 8 9 10 11 12 13 14 | 14.1
Translocations | 2 3 4 5 6 7 8 9 10 11 12 13 14 | 14.1
Invocations    | 1 2 3 4 5 6 7 8 9 10 11 12 13 14 15 16 17 | 17.7
Fighting       | 1 2 3 4 5 6 7 8 9 10 11 12 13 14 15 16 | 16.3
Short Blades   | 1 2 3 4 5 6 7 8 9 10 11 12 13 14 15 16 | 16.3
Long Blades    | 1 2 3 4 5 6 7 8 9 10 11 12 13 14 15 16 | 16.3
Axes           | 1 2 3 4 5 6 7 8 9 10 11 12 13 14 15 16 | 16.3
Maces & Flails | 1 2 3 4 5 6 7 8 9 10 11 12 13 14 15 16 | 16.3
Polearms       | 1 2 3 4 5 6 7 8 9 10 11 12 13 14 15 16 | 16.3
Staves         | 1 2 3 4 5 6 7 8 9 10 11 12 13 14 15 16 | 16.3
Slings         | 1 2 3 4 5 6 7 8 9 10 11 12 13 14 15 16 | 16.3
Bows           | 1 2 3 4 5 6 7 8 9 10 11 12 13 14 15 16 | 16.3
Crossbows      | 1 2 3 4 5 6 7 8 9 10 11 12 13 14 15 16 | 16.3
Throwing       | 1 2 3 4 5 6 7 8 9 10 11 12 13 14 15 16 | 16.3
Armour         | 1 2 3 4 5 6 7 8 9 10 11 12 13 14 15 16 | 16.3
Shields        | 1 2 3 4 5 6 7 8 9 10 11 12 13 14 15 16 | 16.3
Unarmed Combat | 1 2 3 4 5 6 7 8 9 10 11 12 13 14 15 16 | 16.3
Evocations     | 1 2 3 4 5 6 7 8 9 10 11 12 13 14 15 16 | 16.3
Hexes          | 1 2 3 4 5 6 7 8 9 10 11 12 13 | 13.9
Necromancy     | 1 2 3 4 5 6 7 8 9 10 11 12 13 | 13.9
Transmutations | 1 2 3 4 5 6 7 8 9 10 11 12 13 | 13.9
Fire Magic     | 1 2 3 4 5 6 7 8 9 10 11 12 13 | 13.9
Ice Magic      | 1 2 3 4 5 6 7 8 9 10 11 12 13 | 13.9
Air Magic      | 1 2 3 4 5 6 7 8 9 10 11 12 13 | 13.9
Earth Magic    | 1 2 3 4 5 6 7 8 9 10 11 12 13 | 13.9
Poison Magic   | 1 2 3 4 5 6 7 8 9 10 11 12 13 | 13.9
Dodging        | 5 6 7 8 9 10 11 12 13 14 15 16 | 16.9
Stealth        | 5 6 7 8 9 10 11 12 13 14 15 16 | 16.8
Spellcasting   | 8 9 10 11 12 13 14 15 16 17 | 17.7

Action                   |  1- 3 |  4- 6 |  7- 9 | 10-12 | 13-15 | 16-18 | 19-21 | 22-24 || total
-------------------------+-------+-------+-------+-------+-------+-------+-------+-------++-------
Melee: Dagger            |    24 |       |   194 |     8 |       |       |       |   449 ||   675
       Bite              |     7 |    10 |    43 |    79 |   183 |   202 |   284 |   245 ||  1053
       Long sword        |     8 |     5 |       |   557 |  1193 |   798 |       |       ||  2561
       Quarterstaff      |       |    81 |    96 |       |     4 |    50 |       |       ||   231
       Punch             |       |       |    10 |    53 |   108 |   107 |       |       ||   278
       Falchion          |       |       |       |    57 |       |       |       |       ||    57
       Great sword       |       |       |       |   101 |    48 |    14 |       |       ||   163
       Spear             |       |       |       |    12 |    30 |       |       |       ||    42
       Rapier            |       |       |       |       |       |   496 |  1544 |   338 ||  2378
       Unarmed           |       |       |       |       |       |     1 |       |       ||     1
       Trident           |       |       |       |       |       |       |       |   349 ||   349
Throw: Dart              |       |     2 |     7 |     3 |       |       |     1 |       ||    13
 Cast: Magic Dart        |     4 |     1 |    10 |     1 |     3 |     8 |       |     2 ||    29
       Call Imp          |     9 |    18 |    19 |    22 |    10 |       |       |       ||    78
       Blink             |     2 |     5 |     4 |    16 |    14 |    34 |    23 |    31 ||   129
       Mephitic Cloud    |       |     7 |    19 |    45 |    67 |    38 |    10 |       ||   186
       Conjure Flame     |       |       |     5 |     5 |       |       |       |       ||    10
       Hailstorm         |       |       |       |     1 |    27 |       |       |       ||    28
       Lightning Bolt    |       |       |       |       |    11 |     9 |     1 |       ||    21
       Fireball          |       |       |       |       |    46 |    41 |    24 |     3 ||   114
       Summon Cactus Gia |       |       |       |       |     7 |    28 |    58 |    23 ||   116
       Freezing Cloud    |       |       |       |       |       |    81 |    61 |    48 ||   190
       Ozocubu's Armour  |       |       |       |       |       |     9 |    20 |    17 ||    46
       Ensorcelled Hiber |       |       |       |       |       |     7 |    95 |    27 ||   129
       Maxwell's Capacit |       |       |       |       |       |     1 |       |    35 ||    36
       Death Channel     |       |       |       |       |       |       |    43 |    36 ||    79
       Lee's Rapid Decon |       |       |       |       |       |       |    12 |    10 ||    22
       Frozen Ramparts   |       |       |       |       |       |       |     2 |     6 ||     8
       Haunt             |       |       |       |       |       |       |     4 |    22 ||    26
       Olgreb's Toxic Ra |       |       |       |       |       |       |       |    17 ||    17
       Death's Door      |       |       |       |       |       |       |       |     1 ||     1
       Discord           |       |       |       |       |       |       |       |     1 ||     1
       Ignition          |       |       |       |       |       |       |       |    14 ||    14
       Sublimation of Bl |       |       |       |       |       |       |       |     9 ||     9
Invok: Channel Magic     |       |       |       |       |     1 |     1 |     2 |     4 ||     8
       Divine Exegesis   |       |       |       |       |       |     1 |       |     3 ||     4
Evoke: Wand              |       |       |     3 |       |     1 |     1 |    14 |     8 ||    27
       Box of beasts     |       |       |       |       |     1 |     1 |     3 |     4 ||     9
       Phial of floods   |       |       |       |       |     1 |     2 |     1 |     1 ||     5
       Phantom mirror    |       |       |       |       |       |     1 |     1 |     1 ||     3
       Condenser vane    |       |       |       |       |       |       |       |     2 ||     2
  Use: Potion            |     1 |     3 |    12 |       |     1 |       |       |    15 ||    32
       Scroll            |       |       |     9 |    11 |    12 |     9 |    11 |    20 ||    72
 Stab: Sleeping          |     4 |     2 |     7 |     7 |    18 |    39 |    77 |    47 ||   201
       Confused          |       |       |     6 |    23 |    39 |    30 |     4 |     1 ||   103
       Distracted        |       |       |       |     3 |     5 |     5 |    12 |     7 ||    32
       Paralysed         |       |       |       |       |       |     4 |       |       ||     4
       Held in net/web   |       |       |       |       |       |     1 |       |       ||     1
Armor: Robe              |     3 |    23 |    44 |       |       |       |       |       ||    70
       Ring mail         |       |       |    33 |       |       |       |       |       ||    33
       Swamp dragon scal |       |       |       |   487 |   892 |       |       |       ||  1379
       Troll leather arm |       |       |       |       |    30 |   997 |   368 |   386 ||  1781
Dodge: Dodged            |    34 |    83 |   184 |   712 |  1518 |  1611 |   945 |   831 ||  5918
Block: Kite shield       |       |       |       |       |       |   104 |   988 |       ||  1092
       Buckler           |       |       |       |       |       |       |   194 |   560 ||   754
       Reflection        |       |       |       |       |       |       |     6 |    59 ||    65

Table legend: (Time is in decaauts)
 A = Elapsed time spent in this place.
 B = Non-inter-level travel time spent in this place.
 C = Inter-level travel time spent in this place.
 D = Time resting spent in this place.
 E = Time spent auto-exploring this place.
 F = Levels seen in this place.
 G = Mean time per level.
                   A        B        C        D        E       F      G
               +--------+--------+--------+--------+--------+-----+--------+
         Total |  61687 |  58254 |   3433 |   9630 |  26214 |  45 | 1370.8 |
       Dungeon |  21395 |  19819 |   1576 |   4578 |   9034 |  15 | 1426.3 |
        Temple |     66 |     47 |     19 |      0 |     27 |   1 |   66.0 |
          Lair |   7714 |   7164 |    550 |    616 |   3816 |   6 | 1285.7 |
        Shoals |   4008 |   3859 |    149 |    150 |   2155 |   4 | 1002.0 |
   Spider Nest |   5772 |   5551 |    221 |   1079 |   2137 |   4 | 1443.0 |
  Orcish Mines |   3781 |   3595 |    186 |    898 |   1360 |   2 | 1890.5 |
   Elven Halls |   5273 |   5076 |    197 |    451 |   2241 |   3 | 1757.7 |
        Vaults |  10445 |   9955 |    490 |   1186 |   4434 |   5 | 2089.0 |
        Depths |   2620 |   2578 |     42 |    512 |    982 |   3 |  873.3 |
         Trove |    102 |    102 |      0 |      0 |      0 |   1 |  102.0 |
      Ice Cave |    505 |    505 |      0 |    160 |     27 |   1 |  505.0 |
               +--------+--------+--------+--------+--------+-----+--------+

Top non-repeatable levels by time:
    D:10: 2658 daAuts
   Orc:1: 2280 daAuts
Vaults:2: 2187 daAuts
Vaults:1: 2184 daAuts
Vaults:3: 2119 daAuts
Spider:4: 2098 daAuts
Vaults:4: 2040 daAuts
Spider:3: 2036 daAuts
  Lair:2: 2036 daAuts
    D:11: 2024 daAuts
     D:4: 1922 daAuts
Vaults:5: 1914 daAuts
   Elf:2: 1820 daAuts
   Elf:3: 1813 daAuts
  Lair:6: 1642 daAuts
